 Dungeon Crawl Stone Soup version 0.21.1-1-g345015f (webtiles) character file.

34 Iko the Bolt Thrower (level 3, 0/20 HPs)
             Began as a Kobold Arcane Marksman on May 7, 2018.
             Was an Initiate of Cheibriados.
             Slain by an orc
             ... wielding a cursed -1 short sword
              (5 damage)
             ... on level 3 of the Dungeon.
             The game lasted 00:03:52 (412 turns).

Iko the Bolt Thrower (Kobold Arcane Marksman)        Turns: 412, Time: 00:03:53

Health: 0/20       AC:  2    Str:  9    XL:     3   Next: 50%
Magic:  2/4        EV: 16    Int: 15    God:    Cheibriados [......]
Gold:   17         SH:  0    Dex: 16    Spells: 3/4 levels left

rFire    . . .     SeeInvis .   a - +0 hand crossbow
rCold    . . .     Gourm    .   (shield restricted)
rNeg     . . .     Faith    .   e - +0 robe
rPois    .         Spirit   .   (no helmet)
rElec    .         Reflect  .   (no cloak)
rCorr    .         Harm     .   (no gloves)
MR       .....                  (no boots)
Stlth    +.........             (no amulet)
HPRegen  0.06/turn              (no ring)
MPRegen  0.09/turn              (no ring)

@: very slow
A: small, carnivore
a: Bend Time, Renounce Religion


You were on level 3 of the Dungeon.
You worshipped Cheibriados.
Cheibriados was noncommittal.
You were not hungry.

You visited 1 branch of the dungeon, and saw 3 of its levels.

You collected 17 gold pieces.

Inventory:

Hand Weapons
 a - a +0 hand crossbow (weapon)
Armour
 e - a +0 robe (worn)
Scrolls
 b - a scroll of remove curse
Books
 c - a book of Debilitation

   Spells                             Type                      Level
   a - Corona                         Hexes                        1
   b - Slow                           Hexes                        2
   c - Inner Flame                    Hexes/Fire                   3
   d - Portal Projectile              Hexes/Translocation          3
   e - Cause Fear                     Hexes                        4
   f - Leda's Liquefaction            Hexes/Earth                  4
Comestibles
 f - a ration


   Skills:
 + Level 1.3 Fighting
 + Level 3.7 Crossbows
 + Level 2.8 Dodging
 + Level 1.1 Spellcasting
 + Level 3.2 Hexes


You had 3 spell levels left.
You knew the following spells:

 Your Spells              Type           Power        Failure   Level  Hunger
a - Corona                Hex            ##.....      7%          1    ##.....


Dungeon Overview and Level Annotations

Branches:
Dungeon (3/15)

Altars:
Ashenzari
Cheibriados


Innate Abilities, Weirdness & Mutations

You are small and have problems with some larger weapons.
You are carnivorous and can eat meat at any time.


Message History

The orc hits you with an enchanted short sword.
* * * LOW HITPOINT WARNING * * *
The orc hits you but does no damage.
Firing (i - inventory): No suitable missiles.
Press: ? - help, Shift-Dir - straight line, f/p - orc
Aim: an orc, wielding an enchanted short sword and wearing a scale mail (moderately wounded, softly glowing)
Okay, then.
Firing (i - inventory): No suitable missiles.
Press: ? - help, Shift-Dir - straight line, f/p - orc
Aim: an orc, wielding an enchanted short sword and wearing a scale mail (moderately wounded, softly glowing)
Okay, then.
You fail to use your ability.
The orc misses you.
Casting: Corona
Confirm with . or Enter, or press ? or * to list all spells.
Aiming: Corona
Press: ? - help, Shift-Dir - straight line, f/p - orc
Aim: an orc, wielding an enchanted short sword and wearing a scale mail (moderately wounded, softly glowing, chance to defeat MR: 63%)
The orc glows brighter.
The orc hits you with an enchanted short sword.
You die...

###### #<...#
#....#
#.#####....# #
#..........# %..
######.....#
.....######.....#
..(.....(o@.....#
...(...##########
....... (......
.#....# _.....
.#.... .....


You could see an orc.

Vanquished Creatures
  3 dart slugs
  2 orcs (D:3)
  2 giant cockroaches
  2 goblins (D:2)
  2 hobgoblins (D:1)
  6 jackals
  A kobold (D:1)
  2 bats
  3 rats
23 creatures vanquished.

Notes
Turn   | Place    | Note
-------+----------+-------------------------------------------
     0 | D:1      | Iko the Kobold Arcane Marksman began the quest for the Orb.
     0 | D:1      | Reached XP level 1. HP: 12/12 MP: 2/2
    58 | D:1      | Reached XP level 2. HP: 15/16 MP: 3/3
   236 | D:2      | Reached XP level 3. HP: 12/20 MP: 4/4
   325 | D:2      | Found a snail-covered altar of Cheibriados.
   372 | D:2      | Became a worshipper of Cheibriados the Contemplative
   396 | D:3      | Found a shattered altar of Ashenzari.
   412 | D:3      | Slain by an orc

Skill      XL: |  1  2 |
---------------+-------+-----
Crossbows      | 3 |  3.7
Fighting       | |  1.3
Dodging        | |  2.8
Spellcasting   | |  1.1
Hexes          | |  3.2

Action                   || total
-------------------------++-------
 Fire: Hand crossbow     ||    65
 Cast: Corona            ||     2
  Use: Scroll            ||     3
       Potion            ||     1
Armor: Robe              ||     8
Dodge: Dodged            ||    52
